AoeStats
← So sad

Nomad

506684384Analyzed
3v3 RM · 17d ago on Sep 14, 2026· 31m 2s· 6 players
Game mode
Random Map
Map size
210×210
Population
200
Speed
Normal
Resources
Standard
Victory
Conquest
Starting age
Dark Age
Ending age
Imperial Age
RankedLock teamsTeams togetherTeam positionsShared explorationLock speedFull tech treeHidden civsTurbo modeCheats
Victory
Defeat
🇬🇧 Shu · United Kingdom
1410
+16
🇬🇧 Vietnamese · United Kingdom
1409
+16
🇬🇧 Slavs · United Kingdom
1394
+16
🇺🇦 Maya · Ukraine
1418
-17
🇧🇾 Teutons · Belarus
1417
-17
🇧🇾 Khitans · Belarus
1367
-14
So sad
5:32 Loom
13:58 Feudal Age
16:33 Double-Bit Axe
19:11 Castle Age
17:22 Fishing Lines
18:50 Town Watch
19:21 Scale Barding Armor
19:19 Gold Mining
20:11 Forging
20:44 Husbandry
25:44 Iron Casting
27:17 Domestication
HURMA
8:58 Loom
15:53 Feudal Age
16:56 Horse Collar
17:02 Double-Bit Axe
17:33 Fishing Lines
20:03 Castle Age
18:17 Forging
18:18 Double-Bit Axe
18:17 Horse Collar
21:07 Medium Warships
20:48 Gillnets
22:54 Wheelbarrow
23:26 Padded Archer Armor
26:02 Leather Archer Armor
26:26 Elite Skirmisher
27:42 Fletching
28:14 Ballistics
27:54 Town Watch
30:27 Bodkin Arrow
NiL
18:02 Feudal Age
16:19 Loom
20:13 Double-Bit Axe
20:10 Horse Collar
21:14 Scale Mail Armor
24:03 Fletching
29:36 Castle Age
squoshmosh
5:04 Loom
15:24 Feudal Age
16:22 Double-Bit Axe
19:36 Castle Age
17:25 Horse Collar
18:29 Scale Barding Armor
19:35 Forging
19:17 Gold Mining
20:44 Chain Barding Armor
21:04 Husbandry
26:21 Bloodlines
26:57 Fishing Lines
Krislar
13:57 Feudal Age
13:51 Loom
14:37 Double-Bit Axe
18:32 Castle Age
17:13 Gold Mining
19:27 Medium Warships
20:34 Bow Saw
21:25 Forging
21:29 Fletching
25:17 Bodkin Arrow
28:58 Padded Archer Armor
Nozyspy
3:45 Loom
13:28 Feudal Age
14:44 Double-Bit Axe
17:13 Fletching
21:43 Castle Age
20:15 Gold Mining
21:06 Padded Archer Armor
21:00 Fishing Lines
21:39 Stone Mining
21:45 Crossbowman
24:23 Bodkin Arrow
26:19 Leather Archer Armor
29:14 Scale Mail Armor
Connection lost

Rejoining the realm…

Still unreachable

The connection could not be restored.

Session expired

The server has moved on; the page needs a fresh start.